 Dungeon Crawl Stone Soup version 0.28-a0-653-g7e9dba17c3 (webtiles) character file.

Game seed: 7678488083246268858

16 jsc15 the Chopper (level 2, -34/28 HPs)
             Began as a Deep Dwarf Berserker on Oct 11, 2021.
             Was a Follower of Trog.
             Annihilated by an ogre (35 damage)
             ... on level 2 of the Dungeon.
             The game lasted 00:02:28 (299 turns).

jsc15 the Chopper (Deep Dwarf Berserker)             Turns: 299, Time: 00:02:28

Health: -34/28     AC:  3    Str: 20    XL:     2   Next: 41%
Magic:  2/2        EV: 12    Int:  7    God:    Trog [*.....]
Gold:   23         SH:  0    Dex: 12    Spells: 1/1 levels left

rFire   . . .      SeeInvis .   a - +0 hand axe
rCold   . . .      Faith    .   (no shield)
rNeg    . . .      Spirit   .   b - +0 animal skin
rPois   .          Reflect  .   (no helmet)
rElec   .          Harm     .   (no cloak)
rCorr   .          Rampage  .   (no gloves)
Will    .....                   e - +0 pair of boots
Stlth   +.........              (no amulet)
HPRegen 0.00/turn               (no ring)
MPRegen 0.08/turn               (no ring)

@: lethally poisoned (-34 -> -34)
A: damage resistance, heal wounds, sense surroundings 1, no regeneration
a: Heal Wounds, Renounce Religion, Berserk


You were on level 2 of the Dungeon.
You worshipped Trog.
Trog was aware of your devotion.
You visited 1 branch of the dungeon, and saw 2 of its levels.

You collected 23 gold pieces.

Inventory:

Hand Weapons
 a - a +0 hand axe (weapon)
 c - a +0 club
Armour
 b - a +0 animal skin (worn)
 e - a +0 pair of boots (worn)
Scrolls
 f - a scroll of teleportation {unknown}
Potions
 d - a potion of might {unknown}
 g - a potion of cancellation {unknown}


   Skills:
 + Level 3.0 Fighting
 + Level 3.6 Axes
 + Level 2.3 Armour
 + Level 2.3 Dodging


You had one spell level left.
You didn't know any spells.
Your spell library was empty.

Dungeon Overview and Level Annotations

Branches:
Dungeon (2/15)

Altars:


Innate Abilities, Weirdness & Mutations

You are resistant to damage.
You can heal yourself by infusing magical energy.
You passively map a small area around you.
You do not regenerate.


Message History

You hit the adder.
The adder is moderately wounded.
You hit the ogre but do no damage. The ogre closely misses you.
The adder bites you but does no damage.
You barely miss the adder.
The adder is moderately wounded.
You hit the ogre but do no damage. The adder bites you but does no damage.
The ogre hits you with a +0 giant spiked club!!
Ouch! That really hurt!
* * * LOW HITPOINT WARNING * * *
The adder completely misses you. The adder closely misses you.
The adder bites you but does no damage. The adder barely misses you.
Found a stone staircase leading down.
The adder misses you.
Found an escape hatch in the floor.
The adder bites you.
A worm comes into view.
Found 12 gold pieces.
The adder bites you.
* * * LOW HITPOINT WARNING * * *
You are poisoned.
The adder poisons you!
There is a stone staircase leading down here.
You hit the adder.
The adder is heavily wounded.
The adder misses you. The adder barely misses you.
You hit the adder but do no damage.
The adder is heavily wounded.
You closely miss the ogre. The ogre barely misses you.
The adder closely misses you.
You hit the adder.
The adder is severely wounded.
You hit the worm. You hit the ogre but do no damage. The adder bites you.
* * * LOW HITPOINT WARNING * * *
You are more poisoned.
The adder poisons you!
The ogre hits you with a +0 giant spiked club!!!
Ouch! That really hurt!
You die...

, ..≈..# , .≈.>.# ,
≈....# ##### ....#
##...##### * * *
#..###......... ,
#.........##### *
####.##.........## ,
#@S>..............
#8..wO.###.........##
#$#.....#
#.........†. *
8#8..##.#
#.##...#####
.....*#....###...# #.
*##....*#.### ##.##
#. ##### #.# #.# #.
#.# #.# #. * #.# #.


You could see an ogre, a worm and an adder.

Vanquished Creatures
  An adder (D:2)
  A worm (D:2)
  A ball python (D:1)
  2 frilled lizards
  A kobold (D:1)
  A spectral hobgoblin (D:1)
7 creatures vanquished.

Notes
Turn   | Place    | Note
-------+----------+-------------------------------------------
     0 | D:1      | jsc15 the Deep Dwarf Berserker began the quest for the Orb.
     0 | D:1      | Reached XP level 1. HP: 20/20 MP: 1/1
    49 | D:1      | Found a faded altar of an unknown god.
   198 | D:2      | Reached XP level 2. HP: 26/28 MP: 2/2
   268 | D:2      | Noticed an ogre
   299 | D:2      | HP: 1/28 [adder (2)]
   299 | D:2      | Annihilated by an ogre

Illustrated notes

Levels and vault maps discovered:
D:1:      wander_arrival_abandoned_jail, layout_basic,
          dreamdust_ecumenical_altar_drowned_temple
D:2:      layout_loops_ring, serial_shops, nicolae_diamond_shop,
          minmay_misc_feat_tiny, chequers_serial_rivers_large_b,
          minmay_statues_item

Skill      XL: |  1 |
---------------+----+-----
Fighting       | 3 |  3.0
Axes           | |  3.6
Armour         | |  2.3
Dodging        | |  2.3

Action                   || total
-------------------------++-------
Melee: Hand axe          ||    31
 Abil: Heal Wounds       ||     1
Armor: Animal skin       ||     5
Dodge: Dodged            ||    24

Table legend: (Time is in decaauts)
 A = Elapsed time spent in this place.
 B = Non-inter-level travel time spent in this place.
 C = Inter-level travel time spent in this place.
 D = Time resting spent in this place.
 E = Time spent auto-exploring this place.
 F = Levels seen in this place.
 G = Mean time per level.
                   A        B        C        D        E       F      G
               +--------+--------+--------+--------+--------+-----+--------+
         Total |    319 |    319 |      0 |      0 |      0 |   2 |  159.5 |
       Dungeon |    319 |    319 |      0 |      0 |      0 |   2 |  159.5 |
               +--------+--------+--------+--------+--------+-----+--------+

Top non-repeatable levels by time:
     D:1: 190 daAuts
     D:2: 129 daAuts
